 Dungeon Crawl Stone Soup version 0.24-a0-779-g36f0aeb843 (webtiles) character file.

Game seed: 746052331850844337, levelgen mode: deterministic

296 Kohma the Charmwright (level 6, -4/50 HPs)
             Began as a Gnoll Skald on Oct 8, 2019.
             Slain by a slave (8 damage)
             ... led by Pikel
             ... on level 4 of the Dungeon.
             The game lasted 00:09:48 (3174 turns).

Kohma the Charmwright (Gnoll Skald)                 Turns: 3174, Time: 00:09:49

Health: -4/50      AC:  7    Str: 15    XL:     6   Next: 35%
Magic:  8/14       EV: 13    Int: 16    God:
Gold:   154        SH:  0    Dex: 14    Spells: 4/15 levels left

rFire    + . .     SeeInvis .   v - +0 battleaxe
rCold    + . .     Gourm    .   (shield currently unavailable)
rNeg     . . .     Faith    .   C - +0 ring mail (curse)
rPois    .         Spirit   .   (no helmet)
rElec    .         Reflect  .   j - scarf {rC+ rF+}
rCorr    .         Harm     .   k - +1 pair of gloves
MR       .....                  (no boots)
Stlth    +.........             (no amulet)
HPRegen  0.16/turn              (no ring)
MPRegen  0.14/turn              (no ring)

@: no status effects
A: distributed training, fangs 1, strong nose
a: no special abilities


You were on level 4 of the Dungeon.
You were not hungry.

You visited 1 branch of the dungeon, and saw 4 of its levels.

You collected 154 gold pieces.

Inventory:

Hand Weapons
 a - a +0 spear
 b - a +0 hunting sling
 t - a +2 vampiric short sword
 v - a +0 battleaxe (weapon)
Missiles
 e - 150 stones (quivered)
 i - 52 arrows
 m - 17 poisoned darts
 D - 39 bolts
Armour
 j - a scarf of resistance (worn)
 k - a +1 pair of gloves (worn)
 w - a +2 shield
 C - a cursed +0 ring mail (worn)
Scrolls
 f - 4 scrolls of teleportation {unknown}
 g - a scroll of noise {unknown}
 l - 3 scrolls of fear {unknown}
 p - 2 scrolls of amnesia {unknown}
 u - a scroll of enchant weapon {unknown}
 y - 4 scrolls of remove curse {unknown}
 A - 5 scrolls of identify {unknown}
 B - 2 scrolls of enchant armour {unknown}
Potions
 c - 2 potions of magic {unknown}
 h - 3 potions of curing {unknown}
 n - a potion of berserk rage {unknown}
 o - a potion of degeneration {unknown}
 q - 3 potions of flight {unknown}
 r - 2 potions of invisibility {unknown}
 s - a potion of heal wounds {unknown}
 z - a potion of ambrosia {unknown}
Comestibles
 d - 11 rations
 x - a chunk of flesh


   Skills:
 + Level 4.9 Fighting
 + Level 1.9 Short Blades
 + Level 1.9 Long Blades
 + Level 1.9 Axes
 + Level 1.9 Maces & Flails
 + Level 4.9 Polearms
 + Level 1.9 Staves
 + Level 1.9 Slings
 + Level 1.9 Bows
 + Level 1.9 Crossbows
 + Level 1.9 Throwing
 + Level 3.2 Armour
 + Level 4.9 Dodging
 + Level 1.9 Stealth
 + Level 1.9 Shields
 + Level 1.9 Unarmed Combat
 + Level 5.3 Spellcasting
 + Level 1.5 Conjurations
 + Level 1.5 Hexes
 + Level 5.6 Charms
 + Level 1.5 Summonings
 + Level 1.5 Necromancy
 + Level 1.5 Translocations
 + Level 1.5 Transmutations
 + Level 1.5 Fire Magic
 + Level 1.5 Ice Magic
 + Level 1.5 Air Magic
 + Level 1.5 Earth Magic
 + Level 1.5 Poison Magic
 + Level 2.1 Invocations
 + Level 1.9 Evocations


You had 4 spell levels left.
You knew the following spells:

 Your Spells              Type           Power        Failure   Level  Hunger
a - Infusion              Chrm           ###.         2%          1    None
b - Song of Slaying       Chrm           ###.....     4%          2    #......
c - Shroud of Golubria    Chrm/Tloc      ###...       10%         2    #......
d - Regeneration          Chrm/Necr      ###.......   19%         3    ###....
e - Spectral Weapon       Hex/Chrm       ###.....     19%         3    ###....

Your spell library contained the following spells:

 Spells                   Type           Power        Failure   Level  Hunger


Dungeon Overview and Level Annotations

Branches:
Dungeon (4/15)
 Temple: D:4-7

Altars:
Fedhas
Wu Jian
Yredelemnul

Annotations:
D:4 Pikel


Innate Abilities, Weirdness & Mutations

Your experience applies equally to all skills.
You have very sharp teeth.
Your uncanny sense of smell can sniff out nearby items.


Message History

The slave closely misses you. x2
Your shroud bends the slave's attack away.
Pikel hits you with a +1 whip of freezing.
Your shroud falls apart!
Pikel freezes you. The slave misses you.
You hit Pikel.
Pikel is heavily wounded.
You barely miss the slave. You completely miss the slave. You hit the slave.
The slave completely misses you. The slave barely misses you.
Pikel hits you but does no damage. The slave hits you.
* * * LOW HITPOINT WARNING * * *
The slave hits you.
* * * LOW HITPOINT WARNING * * *
The slave barely misses you.
Pikel hits you with a +1 whip of freezing.
* * * LOW HITPOINT WARNING * * *
Pikel freezes you.
* * * LOW HITPOINT WARNING * * *
The slave hits you!
You die...

...###+###.##...........
+......................
∆
..........p............
#.......pKp.........
#.....÷..p..........
#.....#######.......
#..p### ##...... #.pK#
#...... ##.p@## #......
#..p(.+ ####### #....##
#....# #....# +.....
#.....# #.....# #.<...#


You could see Pikel, 4 slaves and a friendly spectral +0 battleaxe.

Vanquished Creatures
  A phantom (D:4)
  A hound (D:4)
  An orc wizard (D:3)
  3 adders
  An ooze (D:1)
  4 worms (D:2)
  A dart slug (D:1)
  A leopard gecko (D:4)
  6 orcs (D:3)
  6 bats
  2 giant cockroaches
  9 goblins
  6 hobgoblins
  7 jackals (D:3)
  8 kobolds
  A quokka (D:3)
  4 frilled lizards
  4 rats
66 creatures vanquished.

Vanquished Creatures (others)
  An orc wizard (D:3)
  2 spectral weapons
3 creatures vanquished.

Grand Total: 69 creatures vanquished

Notes
Turn   | Place    | Note
-------+----------+-------------------------------------------
     0 | D:1      | Kohma the Gnoll Skald began the quest for the Orb.
     0 | D:1      | Reached XP level 1. HP: 20/20 MP: 6/6
   298 | D:1      | Reached XP level 2. HP: 23/26 MP: 7/7
   312 | D:1      | Learned a level 2 spell: Song of Slaying
   315 | D:1      | Learned a level 2 spell: Shroud of Golubria
   622 | D:1      | Reached XP level 3. HP: 31/31 MP: 9/9
   728 | D:1      | Reached skill level 5 in Spellcasting
  1044 | D:2      | Found an ornate altar of the Wu Jian Council.
  1098 | D:2      | Found a blossoming altar of Fedhas.
  1294 | D:2      | Found a basalt altar of Yredelemnul.
  1318 | D:2      | Reached skill level 1 in Invocations
  1354 | D:2      | Reached skill level 1 in Short Blades
  1354 | D:2      | Reached skill level 1 in Long Blades
  1354 | D:2      | Reached skill level 1 in Axes
  1354 | D:2      | Reached skill level 1 in Maces & Flails
  1354 | D:2      | Reached skill level 1 in Staves
  1354 | D:2      | Reached skill level 1 in Slings
  1354 | D:2      | Reached skill level 1 in Bows
  1354 | D:2      | Reached skill level 1 in Crossbows
  1354 | D:2      | Reached skill level 1 in Throwing
  1354 | D:2      | Reached skill level 1 in Stealth
  1354 | D:2      | Reached skill level 1 in Shields
  1354 | D:2      | Reached skill level 1 in Unarmed Combat
  1354 | D:2      | Reached skill level 1 in Evocations
  1413 | D:2      | Reached XP level 4. HP: 29/38 MP: 11/11
  2000 | D:2      | Learned a level 3 spell: Regeneration
  2004 | D:2      | Learned a level 3 spell: Spectral Weapon
  2242 | D:3      | Reached skill level 1 in Conjurations
  2242 | D:3      | Reached skill level 1 in Hexes
  2242 | D:3      | Reached skill level 1 in Summonings
  2242 | D:3      | Reached skill level 1 in Necromancy
  2242 | D:3      | Reached skill level 1 in Translocations
  2242 | D:3      | Reached skill level 1 in Transmutations
  2242 | D:3      | Reached skill level 1 in Fire Magic
  2242 | D:3      | Reached skill level 1 in Ice Magic
  2242 | D:3      | Reached skill level 1 in Air Magic
  2242 | D:3      | Reached skill level 1 in Earth Magic
  2242 | D:3      | Reached skill level 1 in Poison Magic
  2249 | D:3      | Reached XP level 5. HP: 40/43 MP: 6/12
  2908 | D:4      | Noticed a phantom
  2940 | D:4      | Killed a phantom
  2940 | D:4      | Reached XP level 6. HP: 23/50 MP: 9/13
  3141 | D:4      | Noticed a slave
  3142 | D:4      | Noticed a slave
  3142 | D:4      | Noticed a slave
  3142 | D:4      | Noticed a slave
  3143 | D:4      | Noticed Pikel
  3174 | D:4      | Slain by a slave

Levels and vault maps discovered:
D:1:      dpeg_arrival_concentric_ovals, layout_basic, minmay_misc_feat_iff,
          minmay_small_reverse_x
D:2:      layout_basic, yredelemnul_altar_generic, lemuel_round_altar,
          fedhas_altar_2
D:3:      layout_rooms, first_ration
D:4:      layout_gridville, lemuel_doored_altar, led_sif_pool,
          nicolae_gozag_cash_rules_everything_around_me,
          minmay_temple_entry_butterflies, kennysheep_donut, uniq_pikel,
          uniq_blork_the_orc, uniq_eustachio

Skill      XL: |  1  2  3  4  5 |
---------------+----------------+-----
Spellcasting   | 5 |  5.3
Invocations    | 1 2 |  2.1
Short Blades   | 1 |  1.9
Long Blades    | 1 |  1.9
Axes           | 1 |  1.9
Maces & Flails | 1 |  1.9
Staves         | 1 |  1.9
Slings         | 1 |  1.9
Bows           | 1 |  1.9
Crossbows      | 1 |  1.9
Throwing       | 1 |  1.9
Stealth        | 1 |  1.9
Shields        | 1 |  1.9
Unarmed Combat | 1 |  1.9
Evocations     | 1 |  1.9
Conjurations   | 1 |  1.5
Hexes          | 1 |  1.5
Summonings     | 1 |  1.5
Necromancy     | 1 |  1.5
Translocations | 1 |  1.5
Transmutations | 1 |  1.5
Fire Magic     | 1 |  1.5
Ice Magic      | 1 |  1.5
Air Magic      | 1 |  1.5
Earth Magic    | 1 |  1.5
Poison Magic   | 1 |  1.5
Armour         | 3 |  3.2
Fighting       | |  4.9
Polearms       | |  4.9
Dodging        | |  4.9
Charms         | |  5.6

Action                   |  1- 3 |  4- 6 || total
-------------------------+-------+-------++-------
Melee: Spear             |   111 |       ||   111
       Bite              |    10 |    14 ||    24
       Short sword       |    10 |    30 ||    40
       Battleaxe         |       |    83 ||    83
 Fire: Hunting sling     |    12 |       ||    12
 Cast: Infusion          |     3 |     1 ||     4
       Spectral Weapon   |       |    11 ||    11
       Shroud of Golubri |       |     5 ||     5
       Song of Slaying   |       |     3 ||     3
 Stab: Sleeping          |     2 |       ||     2
  Eat: Chunk             |     2 |     6 ||     8
Armor: Leather armour    |    19 |     5 ||    24
       Ring mail         |       |    57 ||    57
Dodge: Dodged            |    58 |   117 ||   175

Table legend:
 A = Non-vault XP
 B = Vault XP
 C = Vault XP percentage of total XP
 D = Non-vault monster count
 E = Vault monster count
 F = Vault count percentage of total count
                 A         B        C        D         E       F
            +---------+---------+-------+---------+---------+-------
      Total |     417 |       7 |   1.7 |      63 |       4 |   6.0
            +---------+---------+-------+---------+---------+-------
        D:1 |      34 |       7 |  17.1 |      16 |       4 |  20.0
        D:2 |      62 |       0 |   0.0 |      16 |       0 |   0.0
        D:3 |     138 |       0 |   0.0 |      27 |       0 |   0.0
        D:4 |     183 |       0 |   0.0 |       4 |       0 |   0.0
            +---------+---------+-------+---------+---------+-------
